 Dungeon Crawl Stone Soup version 0.19.1-1-g22dce08 (webtiles) character file.

133 Peloso the Skirmisher (level 5, -8/46 HPs)
             Began as a Ghoul Fighter on Jan 2, 2017.
             Mangled by Sigmund
             ... wielding a +0 scythe
              (13 damage)
             ... on level 3 of the Dungeon.
             The game lasted 00:04:17 (1899 turns).

Peloso the Skirmisher (Ghoul Fighter)               Turns: 1899, Time: 00:04:19

Health: -8/46      AC:  6    Str: 17 (20) XL:     5   Next: 16%
Magic:  4/4        EV:  7    Int:  2 (3)  God:
Gold:   119        SH:  0    Dex:  7 (9)  Spells: 0 memorised, 4 levels left

rFire  . . .     SeeInvis .     a - +0 long sword
rCold  + . .     Gourm    .     b - +0 scale mail
rNeg   + + +     Faith    .     c - +0 shield
rPois  ∞         Spirit   .     (no helmet)
rElec  .         Reflect  .     (no cloak)
rCorr  .         Harm     .     (no gloves)
MR     .....                    (no boots)
Stlth  ..........               (no amulet)
                                (no ring)
                                (no ring)

@: confused, rotting
A: rotting body, claws 1, carnivore 3, cold resistance 1, negative energy
resistance 3, slow regeneration 1, torment resistance, unbreathing
a: no special abilities


You were on level 3 of the Dungeon.
You were not hungry.

You visited 1 branch of the dungeon, and saw 3 of its levels.

You collected 119 gold pieces.

Inventory:

Hand Weapons
 a - a +0 long sword (weapon)
Armour
 b - a +0 scale mail (worn)
 c - a +0 shield (worn)
Scrolls
 i - a scroll of remove curse
 n - a scroll of enchant armour {unknown}
Potions
 d - a potion of might
 h - a potion of haste {unknown}
 j - a potion of heal wounds {unknown}
 k - a potion of agility {unknown}
 l - a potion of resistance {unknown}
 m - 2 potions of invisibility {unknown}
Comestibles
 f - a meat ration
 g - 2 chunks of flesh


   Skills:
 + Level 3.8 Fighting
 + Level 3.0 Long Blades
 + Level 3.3 Armour
 + Level 0.5 Dodging
 + Level 0.2 Stealth
 + Level 3.4 Shields


You had 4 spell levels left.
You didn't know any spells.

Dungeon Overview and Level Annotations

Branches:
Dungeon (3/15)

Altars:
Cheibriados
Nemelex Xobeh
The Shining One

Annotations:
D:3 Sigmund


Innate Abilities, Weirdness & Mutations

Your body is rotting away.
You thrive on raw meat.
You are immune to poison.
You have sharp fingernails.
You are carnivorous and can eat meat at any time.
Your flesh is cold resistant. (rC+)
You are immune to negative energy. (rN+++)
You regenerate slowly when monsters are visible.
You are immune to unholy pain and torment.
You can survive without breathing.


Message History

You closely miss something. Something hits you but does no damage.
You closely miss something. Something hits you.
You miss something. You block something's attack.
You miss something. Something hits you.
You closely miss something. Something hits you.
* * * LOW HITPOINT WARNING * * *
You slash something! You block something's attack.
You miss something. You miss something.
You hear some strange, mumbled words.
You are confused.
Something hits you!
* * * LOW HITPOINT WARNING * * *
It was a potion of degeneration.
There was something very wrong with that liquid.
You feel weakened.
You feel dopey.
You feel clumsy.
Sigmund appears from thin air!
Reactivating autopickup.
Sigmund hits you with a scythe!
You die...

########### #########
.........# #.......#
#...##.@# #.#####.#####
.##...##@.###.##........#
.................##.###.#
..#...##..###.#####.# #.#
#.......# #.#####.# #.#
........## #.......###.#
#.##..#### ######......#
# ##.. ###≈≈P##### ?..
#####..≈≈♣P#


You could see Sigmund.

Vanquished Creatures
  A worker ant (D:3)
  2 adders (D:2)
  2 oozes
  A worm (D:2)
  2 dart slugs
  A leopard gecko (D:3)
  An orc (D:3)
  3 giant cockroaches
  5 goblins
  9 hobgoblins
  9 jackals
  A quokka (D:3)
  5 bats
  5 frilled lizards
  6 kobolds
  A quokka skeleton (D:3)
  20 rats
74 creatures vanquished.

Notes
Turn   | Place    | Note
-------+----------+-------------------------------------------
     0 | D:1      | Peloso the Ghoul Fighter began the quest for the Orb.
     0 | D:1      | Reached XP level 1. HP: 19/19 MP: 0/0
    22 | D:1      | Reached XP level 2. HP: 25/26 MP: 1/1
   447 | D:1      | Reached XP level 3. HP: 29/31 MP: 2/2
   797 | D:2      | Found a faded altar of an unknown god.
   823 | D:2      | Found a sparkling altar of Nemelex Xobeh.
  1002 | D:2      | Reached XP level 4. HP: 29/38 MP: 3/3
  1076 | D:2      | Found a snail-covered altar of Cheibriados.
  1171 | D:2      | Found a glowing golden altar of the Shining One.
  1785 | D:3      | Reached XP level 5. HP: 42/46 MP: 4/4
  1872 | D:3      | Noticed Sigmund
  1899 | D:3      | Mangled by Sigmund

Skill      XL: |  1  2  3  4 |
---------------+-------------+-----
Shields        | 3 |  3.4
Long Blades    | 2 3 |  3.0
Armour         | 3 |  3.3
Fighting       | |  3.8
Dodging        | |  0.5
Stealth        | |  0.2

Action                   |  1- 3 |  4- 6 || total
-------------------------+-------+-------++-------
Melee: Long sword        |   131 |   136 ||   267
  Use: Scroll            |     1 |       ||     1
       Potion            |       |     1 ||     1
  Eat: Chunk             |     1 |     4 ||     5
Armor: Scale mail        |    57 |    50 ||   107
Dodge: Dodged            |    36 |    36 ||    72
Block: Shield            |    61 |    64 ||   125
       Rpst.: Long sword |    12 |    15 ||    27
